AoeStats
← miguelon01

Arena

509448113Analyzed
4v4 RM · 5d ago on Sep 26, 2026· 33m 20s· 8 players
Game mode
Random Map
Map size
Large (8 player)
Population
200
Speed
Normal
Resources
Standard
Victory
Conquest
Starting age
Dark Age
Ending age
Imperial Age
RankedLock teamsTeams togetherTeam positionsShared explorationLock speedFull tech treeHidden civsTurbo modeCheats
Victory
Defeat
🇬🇧 Cumans · United Kingdom
1078
+15
🇬🇧 Romans · United Kingdom
1066
+16
🇫🇷 Celts · France
1046
+17
🇬🇷 Chinese · Greece
1044
+17
🇧🇷 Malay · Brazil
1174
-21
🇮🇹 Cumans · Italy
1166
-20
🇲🇽 Franks · Mexico
1054
-16
🇻🇪 Romans · Venezuela
848
-20
RedLeonGr
0:48 Loom
11:55 Feudal Age
12:48 Horse Collar
12:55 Double-Bit Axe
14:04 Wheelbarrow
13:29 Gold Mining
14:54 Stone Mining
19:46 Castle Age
24:55 Fletching
27:21 Hand Cart
29:04 Pikeman
29:45 Squires
35:57 Imperial Age
33:30 Arson
Quantum rage
11:10 Feudal Age
11:44 Man-at-Arms
13:06 Scale Mail Armor
23:42 Castle Age
23:16 Double-Bit Axe
24:57 Stone Mining
25:03 Horse Collar
26:39 Gold Mining
28:50 Bow Saw
29:37 Pikeman
35:29 Imperial Age
Arran
10:41 Feudal Age
12:14 Double-Bit Axe
25:16 Castle Age
23:29 Bloodlines
24:21 Stone Mining
24:22 Gold Mining
26:43 Bow Saw
28:13 Wheelbarrow
27:57 Forging
29:03 Light Cavalry
The punisher 69
2:48 Loom
13:02 Feudal Age
13:36 Double-Bit Axe
14:32 Horse Collar
14:29 Man-at-Arms
18:27 Town Watch
19:17 Wheelbarrow
19:40 Forging
19:31 Scale Mail Armor
23:47 Castle Age
21:55 Gold Mining
24:12 Arson
23:49 Long Swordsman
24:15 Gambesons
27:12 Iron Casting
26:52 Chain Mail Armor
26:04 Pikeman
29:06 Heavy Plow
29:19 Bow Saw
29:02 Fletching
29:39 Stone Mining
Borzak4113
0:34 Loom
11:13 Feudal Age
13:36 Gold Mining
18:19 Castle Age
16:59 Double-Bit Axe
19:31 Bow Saw
21:14 Wheelbarrow
26:20 Forging
26:17 Scale Barding Armor
29:19 Gold Shaft Mining
28:54 Stone Mining
Tikka Masala
9:16 Feudal Age
10:11 Double-Bit Axe
10:56 Horse Collar
19:25 Castle Age
19:05 Loom
19:55 Wheelbarrow
20:02 Bloodlines
20:15 Scale Barding Armor
20:21 Bow Saw
21:16 Capped Ram
25:22 Forging
27:43 Hand Cart
31:43 Iron Casting
31:29 Chain Barding Armor
Mandalore
12:39 Feudal Age
10:55 Loom
20:10 Double-Bit Axe
28:09 Horse Collar
31:08 Castle Age
30:53 Forging
miguelon01
12:00 Feudal Age
16:09 Castle Age
14:23 Double-Bit Axe
14:50 Stone Mining
18:03 Loom
23:09 Horse Collar
Connection lost

Rejoining the realm…

Still unreachable

The connection could not be restored.

Session expired

The server has moved on; the page needs a fresh start.